 Dungeon Crawl Stone Soup version 0.28-a0-1510-gd0f6b136d3 (webtiles) character file.

Game seed: 643876809664914010

1362 comborobin the Cleaver (level 8, -3/73 HPs)
             Began as a Minotaur Delver on Jan 14, 2022.
             Was a Priest of Cheibriados.
             Slain by a cyclops (14 damage)
             ... on level 6 of the Dungeon.
             The game lasted 00:05:08 (5987 turns).

comborobin the Cleaver (Minotaur Delver)            Turns: 5987, Time: 00:05:09

Health: -3/73      AC:  7    Str: 23    XL:     8   Next: 37%
Magic:  7/7        EV: 15    Int: 14    God:    Cheibriados [***...]
Gold:   91         SH:  0    Dex: 22    Spells: 7/7 levels left

rFire   . . .      SeeInvis +   a - +0 war axe
rCold   . . .      Faith    .   (no shield)
rNeg    . . .      Spirit   .   r - +2 leather armour {rPois}
rPois   +          Reflect  .   (helmet restricted)
rElec   .          Harm     .   B - +0 cloak
rCorr   .          Rampage  .   p - +0 pair of gloves
Will    .....                   (no boots)
Stlth   +++.......              (no amulet)
HPRegen 0.22/turn               k - ring of see invisible
MPRegen 0.10/turn               (no ring)

@: on berserk cooldown, very slow
A: horns 2, retaliatory headbutt
a: Renounce Religion, Bend Time, Temporal Distortion


You were on level 6 of the Dungeon.
You worshipped Cheibriados.
Cheibriados was most pleased with you.
You visited 2 branches of the dungeon, and saw 7 of its levels.

You collected 211 gold pieces.
You spent 120 gold pieces at shops.

Inventory:

Hand Weapons
 a - a +0 war axe (weapon)
Armour
 b - a +0 chain mail
 c - a +2 robe of positive energy
 m - a +0 ring mail
 p - a +0 pair of gloves (worn)
 r - a +2 leather armour of poison resistance (worn)
 B - a +0 cloak (worn)
Jewellery
 k - a ring of see invisible (left hand)
 u - a ring of poison resistance
Wands
 g - a wand of digging (8)
 y - a wand of flame (29)
Scrolls
 d - a scroll of magic mapping
 h - 2 scrolls of identify
 i - a scroll of teleportation {unknown}
 j - a scroll of amnesia {unknown}
 l - 2 scrolls of torment {unknown}
 n - 3 scrolls of noise {unknown}
 o - a scroll of enchant armour {unknown}
 A - a scroll of blinking {unknown}
Potions
 f - 2 potions of haste
 t - a potion of berserk rage
 x - a potion of flight {unknown}
 z - a potion of might {unknown}
 C - a potion of brilliance {unknown}


   Skills:
 + Level 7.1 Fighting
 * Level 8.9 Axes
 - Level 3.5 Armour
 + Level 5.1 Dodging
 - Level 4.1 Stealth


You had 7 spell levels left.
You didn't know any spells.
Your spell library contained the following spells:

 Spells                   Type           Power      Damage    Failure   Level
 Corpse Rot               Necr/Air       0%         N/A       45%         2
 Poisonous Vapours        Pois/Air       0%         N/A       45%         2
 Static Discharge         Conj/Air       0%         N/A       45%         2
 Ignite Poison            Fire/Tmut/Pois 0%         N/A       69%         3
 Mephitic Cloud           Conj/Pois/Air  0%         N/A       69%         3
 Dispel Undead            Necr           0%         3d6       97%         4
 Sticky Flame             Conj/Fire      0%         2d3       97%         4
 Freezing Cloud           Conj/Ice/Air   0%         6-21      100%        5


Dungeon Overview and Level Annotations

Branches:
Dungeon (6/15)             Temple (1/1) D:5

Altars:
Cheibriados
Gozag
Hepliaklqana
Makhleb
Nemelex Xobeh
Qazlal
Uskayaw
Vehumet
The Shining One
Beogh

Shops:
D:1 :   D:2 *

Annotations:
D:4 3 runed translucent doors, innerfire433's ghost, amateur DsCK


Innate Abilities, Weirdness & Mutations

You have a pair of horns on your head.
You reflexively headbutt those who attack you in melee.


Message History

The black bear growls angrily.
The bullfrog zombie barely misses you. The cyclops hits your ice beast!!
Your ice beast dies!
Your ice beast dissolves into shadows!
Unknown command.
Unknown command.
The black bear rages.
The black bear bites you. The black bear completely misses you.
The black bear closely misses you. The orc closely misses you.
You hear a shout!
Unknown command.
Unknown command.
You hit the black bear.
You kill the black bear!
Cheibriados thoroughly appreciates the change of pace.
You barely miss the orc. The orc barely misses you.
Your Dodging skill increases to level 5!
You slash the cyclops! Your headbutt misses the cyclops.
You punch the cyclops, but do no damage.
The cyclops is moderately wounded.
You hit the orc. The orc misses you. The orc hits you but does no damage.
The cyclops hits you!
Unknown command.
You slash the orc!
You kill the orc!
Cheibriados appreciates the change of pace.
You hit the cyclops.
You feel yourself speed up. The cyclops hits you!!
* * * LOW HITPOINT WARNING * * *
The bullfrog zombie hits you.
* * * LOW HITPOINT WARNING * * *
You are too injured to fight recklessly!
You hit the cyclops.
You headbutt the cyclops, but do no damage.
The cyclops is heavily wounded.
You slash the bullfrog zombie! The bullfrog zombie closely misses you.
You furiously retaliate!
You headbutt the bullfrog zombie! The cyclops hits you!
You die...

#######
#######.....#####
............(.... .
.######.###.....# ## ...
#.#######.#...
.....######.....###.#.#.
......Z@CS..............
.....####S#####.#..<#.##
... #)## #.#.### . #SS#
#.#.# ......JoSZ..#.#.#
..#.oZ#ZZZ#.#.#..
#...#...#..#.### #...#
..#...#.# .#.. #...#..#


You could see a cyclops, 2 adders and a bullfrog zombie.

Vanquished Creatures
  A wyvern (D:4)
  2 water moccasins (D:6)
  A black bear (D:6)
  Blork the orc (D:4)
  A scorpion (D:4)
  A water moccasin skeleton (D:4)
  A howler monkey (D:6)
  Crazy Yiuf (D:4)
  5 hounds
  2 orc priests
  A bullfrog skeleton (D:5)
  Jessica (D:2)
  Natasha (thrice) (D:4)
  An iguana (D:4)
  Terence (D:2)
  3 orc wizards
  Robin (D:2)
  6 adders
  An ufetubus (D:4)
  An adder skeleton (D:5)
  5 worms
  3 dart slugs
  16 orcs
  8 endoplasms
  3 giant cockroaches
  18 goblins
  7 hobgoblins
  2 jackals (D:1)
  3 quokkas
  5 ball pythons (D:1)
  5 bats
  2 frilled lizards (D:1)
  8 kobolds
  5 rats
125 creatures vanquished.

Vanquished Creatures (others)
  An adder (D:3)
  5 toadstools (D:1)
6 creatures vanquished.

Grand Total: 131 creatures vanquished

Notes
Turn   | Place    | Note
-------+----------+-------------------------------------------
     0 | D:5      | comborobin the Minotaur Delver began the quest for the Orb.
     0 | D:5      | Reached XP level 1. HP: 19/19 MP: 0/0
    54 | D:5      | Reached skill level 3 in Axes
    54 | D:5      | Reached XP level 2. HP: 11/27 MP: 1/1
   247 | D:5      | Reached skill level 4 in Axes
   247 | D:5      | Reached XP level 3. HP: 23/34 MP: 2/2
   479 | D:5      | Reached XP level 4. HP: 30/41 MP: 3/3
   580 | D:5      | Reached skill level 5 in Axes
   912 | D:5      | Found a staircase to the Ecumenical Temple.
  1083 | D:5      | Reached skill level 5 in Fighting
  1083 | D:5      | Reached XP level 5. HP: 46/48 MP: 4/4
  1103 | Temple   | Entered the Ecumenical Temple
  1147 | Temple   | Became a worshipper of Cheibriados the Contemplative
  1236 | D:5      | Reached skill level 1 in Armour
  1774 | D:4      | Reached XP level 6. HP: 14/56 MP: 5/5
  1850 | D:4      | Reached skill level 6 in Axes
  2202 | D:4      | Noticed Blork the orc
  2210 | D:4      | Killed Blork the orc
  2367 | D:4      | Noticed a wyvern
  2377 | D:4      | Killed a wyvern
  2378 | D:4      | Reached XP level 7. HP: 53/63 MP: 6/6
  2532 | D:4      | Noticed Natasha
  2543 | D:4      | Killed Natasha
  2544 | D:4      | Reached skill level 7 in Axes
  2922 | D:4      | Found a runed translucent gate.
  2922 | D:4      | Found a runed translucent gate.
  2922 | D:4      | Found a runed translucent gate.
  2929 | D:4      | Noticed innerfire433's ghost (amateur DsCK)
  3305 | D:3      | Reached * piety under Cheibriados
  3368 | D:3      | Found a faded altar of an unknown god.
  3653 | D:3      | Found a radiant altar of Vehumet.
  4061 | D:2      | Noticed Robin
  4074 | D:2      | Killed Robin
  4090 | D:2      | Reached ** piety under Cheibriados
  4153 | D:2      | Found Jeyde's Assorted Antiques.
  4177 | D:2      | Bought a runed leather armour for 120 gold pieces
  4240 | D:2      | Noticed Terence
  4248 | D:2      | Killed Terence
  4291 | D:2      | Noticed Jessica
  4299 | D:2      | Killed Jessica
  4945 | D:1      | Reached *** piety under Cheibriados
  4999 | D:1      | Found Akhaad's Book Shop.
  5374 | D:4      | Noticed Natasha
  5384 | D:4      | Killed Natasha
  5419 | D:4      | Noticed Natasha
  5425 | D:4      | Killed Natasha
  5668 | D:4      | Found a runed translucent door.
  5669 | D:4      | Noticed Crazy Yiuf
  5825 | D:4      | Killed Crazy Yiuf
  5826 | D:4      | Reached skill level 8 in Axes
  5826 | D:4      | Reached XP level 8. HP: 69/71 MP: 7/7
  5952 | D:6      | Noticed a cyclops
  5971 | D:6      | Noticed a cyclops
  5985 | D:6      | Reached skill level 5 in Dodging
  5987 | D:6      | Slain by a cyclops

Illustrated notes

Levels and vault maps discovered:
D:1:      ldierk_walled_garden, layout_loops_cross, serial_shops, shop,
          minmay_misc_feat_diagonals
D:2:      layout_rooms, serial_shops, shop_fountains, uniq_terence, uniq_robin,
          uniq_jessica
D:3:      layout_basic, fiery_altar_vehumet, ebering_ecumenical_altar_abandoned
D:4:      layout_cave_pools, biasface_ghost_orc_armoury, minmay_misc_feat_chi,
          uniq_crazy_yiuf_cottage, uniq_blork_the_orc, uniq_natasha
D:5:      layout_basic, minmay_temple_entry_mini_moons, minmay_misc_feat_tower,
          st_stairs_4
D:6:      cheibrodos_fzero, layout_basic
Temple:   minmay_crystal_snake_temple

Skill      XL: |  1  2  3  4  5  6  7  8 |
---------------+-------------------------+-----
Fighting       | 4 5 6 7 |  7.1
Axes           | 3 4 5 6 8 |  8.9
Armour         | 1 2 3 |  3.5
Dodging        | 3 4 5 |  5.1
Stealth        | |  4.1

Action                   |  1- 3 |  4- 6 |  7- 9 || total
-------------------------+-------+-------+-------++-------
Melee: Hand axe          |    21 |    12 |       ||    33
       Headbutt          |     2 |    24 |    35 ||    61
       War axe           |       |    84 |   167 ||   251
       Punch             |       |       |     2 ||     2
  Use: Scroll            |       |     1 |     3 ||     4
       Potion            |       |     1 |     5 ||     6
 Stab: Sleeping          |     1 |       |    11 ||    12
       Distracted        |       |       |     1 ||     1
Armor: Leather armour    |     5 |     2 |    18 ||    25
       Chain mail        |       |    17 |       ||    17
       Ring mail         |       |     1 |       ||     1
       Robe              |       |    17 |    21 ||    38
Dodge: Dodged            |    15 |    58 |   134 ||   207

Table legend: (Time is in decaauts)
 A = Elapsed time spent in this place.
 B = Non-inter-level travel time spent in this place.
 C = Inter-level travel time spent in this place.
 D = Time resting spent in this place.
 E = Time spent auto-exploring this place.
 F = Levels seen in this place.
 G = Mean time per level.
                   A        B        C        D        E       F      G
               +--------+--------+--------+--------+--------+-----+--------+
         Total |   7317 |   6853 |    464 |   1288 |   4500 |   7 | 1045.3 |
       Dungeon |   7229 |   6814 |    415 |   1288 |   4468 |   6 | 1204.8 |
        Temple |     87 |     39 |     48 |      0 |     32 |   1 |   87.0 |
               +--------+--------+--------+--------+--------+-----+--------+

Top non-repeatable levels by time:
     D:5: 2342 daAuts
     D:4: 1661 daAuts
     D:3: 1316 daAuts
     D:2: 991 daAuts
     D:1: 836 daAuts
  Temple: 87 daAuts
     D:6: 81 daAuts
